 Dungeon Crawl Stone Soup version 0.30-a0-390-g80c34de65d (webtiles) character file.

Game seed: 4437304060527864778

305 cheesebisquit the Chopper (level 6, -2/52 HPs)
             Began as a Minotaur Berserker on Dec 4, 2022.
             Was a Believer of Trog.
             Slain by an iron imp (8 damage)
             ... summoned by Eustachio
             ... on level 4 of the Dungeon.
             The game lasted 00:12:59 (2985 turns).

cheesebisquit the Chopper (Minotaur Berserker)      Turns: 2985, Time: 00:13:00

Health: -2/52      AC:  7    Str: 24    XL:     6   Next: 16%
Magic:  5/5        EV: 10    Int:  4    God:    Trog [**....]
Gold:   208        SH:  0    Dex:  9    Spells: 5/5 levels left

rFire   . . .      SeeInvis +    a - +0 hand axe
rCold   . . .      Faith    .    (no shield)
rNeg    . . .      Spirit   .    m - +0 scale mail
rPois   .          Reflect  .    (helmet restricted)
rElec   .          Harm     .    (no cloak)
rCorr   .          Rampage  .    (no gloves)
Will    .....                    j - +0 pair of boots
Stlth   ..........               (no amulet)
HPRegen 0.28/turn                i - ring of see invisible
MPRegen 0.09/turn                (no ring)

@: about to teleport, on berserk cooldown, slowed, very slow
A: horns 2, retaliatory headbutt
a: Renounce Religion, Berserk, Trog's Hand


You were on level 4 of the Dungeon.
You worshipped Trog.
Trog was pleased with you.
You visited 1 branch of the dungeon, and saw 4 of its levels.

You collected 208 gold pieces.

Inventory:

Hand Weapons
 a - a +0 hand axe (weapon)
Missiles
 c - 11 poisoned darts (quivered)
Armour
 b - a +0 animal skin
 e - a +0 leather armour
 j - a +0 pair of boots (worn)
 m - a +0 scale mail (worn)
 o - a +0 ring mail
Jewellery
 i - a ring of see invisible (left hand)
Scrolls
 g - 3 scrolls of teleportation
 h - 2 scrolls of poison {unknown}
 k - a scroll of amnesia {unknown}
 l - 2 scrolls of identify {unknown}
 q - a scroll of blinking {unknown}
Potions
 d - a potion of curing {unknown}
 f - a potion of invisibility {unknown}
 n - a potion of lignification {unknown}
 p - a potion of cancellation {unknown}
 r - a potion of haste {unknown}
 s - a potion of attraction {unknown}


   Skills:
 - Level 4.0 Fighting
 + Level 7.8 Axes
 - Level 3.0 Armour
 - Level 2.7 Dodging


You had 5 spell levels left.
You didn't know any spells.
Your spell library was empty.

Dungeon Overview and Level Annotations

Branches:
Dungeon (4/15)
 Temple: D:4-7

Altars:
Okawaru

Shops:
D:1 ((*([

Annotations:
D:4 Eustachio


Innate Abilities, Weirdness & Mutations

You have a pair of horns on your head.
You reflexively headbutt those who attack you in melee.


Message History

There is an open door here.
You feel a strong urge to attack something.
You are no longer berserk.
You are exhausted.
You feel yourself slow down. The rat bites you but does no damage.
Eustachio hits you with a +0 falchion of electrocution.
You are electrocuted!
You hit Eustachio but do no damage. Your punch misses Eustachio.
You hit the rat.
You kill the rat!
The rat's corpse disappears in a puff of smoke!
You hit the iron imp but do no damage. You closely miss the white imp.
The iron imp barely misses you. Eustachio hits you but does no damage.
The white imp hits you. The white imp freezes you.
Okay, then.
Okay, then.
You barely miss Eustachio. Your headbutt misses Eustachio.
You closely miss the crimson imp. You hit the iron imp but do no damage.
You closely miss the white imp. The iron imp closely misses you.
Eustachio hits you but does no damage. The white imp hits you.
The white imp freezes you.
* * * LOW HITPOINT WARNING * * *
The crimson imp hits you but does no damage.
Eustachio hits you with a +0 falchion of electrocution.
* * * LOW HITPOINT WARNING * * *
The iron imp hits you.
* * * LOW HITPOINT WARNING * * *
The crimson imp hits you but does no damage.
The white imp gestures at you. The puff of frost hits you.
* * * LOW HITPOINT WARNING * * *
As you read the scroll labelled USKALE OPIATT, it crumbles to dust.
You feel strangely unstable.
It was a scroll of teleportation.
Eustachio barely misses you.
The crimson imp hits you but does no damage.
The white imp barely misses you. The iron imp hits you.
* * * LOW HITPOINT WARNING * * *
The iron imp hits you!
You die...

#.# #..####....#...## #.#
#.###..# #.....##..# #.#
#..##..# ##........######.#
#......# ##)#####<.......#
##.##### #.# #.######.# #.# #_#
#.# #.# ##.## ##'## #.######.#
##...## ##.5.## #.##.....#
##.###.# #.@@5.# #.##.###.# #..#
#.# #...5...##.##..##.#
####..###.###.........#.##...#.#
............+.........+..>.....#
####.#...####..)...>..####...###
#.##.## ##.......## #.....#
####.#### ##.....## #..†..#
........# ##...## ###...#
.###....# #+# ##.##


You could see Eustachio, an iron imp (summoned), a crimson imp (summoned) and a
white imp (summoned).

Vanquished Creatures
  A phantom (D:4)
  A jelly (D:4)
  2 orc wizards (D:3)
  6 adders
  4 gnolls (D:3)
  A worm (D:2)
  A dart slug (D:4)
  4 orcs
  A bat (D:3)
  5 endoplasms
  2 giant cockroaches
  3 goblins
  6 hobgoblins
  8 kobolds
  A quokka (D:2)
  5 ball pythons
  A frilled lizard (D:3)
  6 rats
58 creatures vanquished.

Vanquished Creatures (others)
  A plant (D:2)
1 creature vanquished.

Grand Total: 59 creatures vanquished

Notes
Turn   | Place    | Note
-------+----------+-------------------------------------------
     0 | D:1      | cheesebisquit the Minotaur Berserker began the quest for
                  | the Orb.
     0 | D:1      | Reached XP level 1. HP: 19/19 MP: 0/0
    31 | D:1      | Found Faavvum's Antique Weapon Shoppe.
    94 | D:1      | Found Agui's Antique Armour Emporium.
   138 | D:1      | Found Repifur's General Store.
   220 | D:1      | Found Awiog's Antique Weapon Shop.
   583 | D:1      | Found Ysmyadgh's Antique Weapon Emporium.
   638 | D:2      | Reached XP level 2. HP: 18/27 MP: 1/1
   738 | D:2      | Reached skill level 4 in Axes
   738 | D:2      | Reached XP level 3. HP: 15/33 MP: 2/2
  1793 | D:3      | Found a faded altar of an unknown god.
  1898 | D:3      | Reached skill level 5 in Axes
  1926 | D:3      | Reached ** piety under Trog
  1942 | D:3      | Reached XP level 4. HP: 33/38 MP: 3/3
  2164 | D:3      | Reached skill level 6 in Axes
  2356 | D:3      | Reached XP level 5. HP: 46/46 MP: 4/4
  2368 | D:3      | Identified the +5 short sword of Secuan {speed, Int+4}
  2659 | D:4      | Reached skill level 7 in Axes
  2797 | D:4      | Noticed a phantom
  2807 | D:4      | Killed a phantom
  2808 | D:4      | Reached XP level 6. HP: 52/52 MP: 5/5
  2939 | D:4      | Found an iron altar of Okawaru.
  2964 | D:4      | Noticed Eustachio
  2985 | D:4      | Slain by an iron imp

Illustrated notes

Levels and vault maps discovered:
D:1:      dpeg_arrival_connections, layout_basic, serial_shops,
          nicolae_shop_overgrown_old_shop, nicolae_shop_behind_doors,
          nicolae_shop_stone, shop, shop_fountains, minivault_24
D:2:      layout_loops_ring, serial_forest, infiniplex_forest_straight_4,
          infiniplex_forest_straight_3, infiniplex_forest_side_room,
          infiniplex_forest_lined_corner, infiniplex_forest_clump_cross
D:3:      layout_basic, ebering_ecumenical_altar_rust, st_stairs_13,
          interstate_on_off
D:4:      layout_loops_corners, overflow_temple_1_default,
          mainiacjoe_overflow_two_lobes, minmay_joined_circles, uniq_eustachio

Skill      XL: |  1  2  3  4  5 |
---------------+----------------+-----
Fighting       | 4 |  4.0
Axes           | 4 5 6 7 |  7.8
Armour         | 3 |  3.0
Dodging        | |  2.7

Action                   |  1- 3 |  4- 6 || total
-------------------------+-------+-------++-------
Melee: Hand axe          |    63 |    64 ||   127
       Headbutt          |     8 |    14 ||    22
Invok: Berserk           |     2 |     3 ||     5
  Use: Scroll            |       |     1 ||     1
Armor: Leather armour    |    13 |       ||    13
       Scale mail        |     5 |    30 ||    35
Dodge: Dodged            |    36 |    33 ||    69

Table legend: (Time is in decaauts)
 A = Elapsed time spent in this place.
 B = Non-inter-level travel time spent in this place.
 C = Inter-level travel time spent in this place.
 D = Time resting spent in this place.
 E = Time spent auto-exploring this place.
 F = Levels seen in this place.
 G = Mean time per level.
                   A        B        C        D        E       F      G
               +--------+--------+--------+--------+--------+-----+--------+
         Total |   3023 |   2952 |     71 |    438 |   2070 |   4 |  755.8 |
       Dungeon |   3023 |   2952 |     71 |    438 |   2070 |   4 |  755.8 |
               +--------+--------+--------+--------+--------+-----+--------+

Top non-repeatable levels by time:
     D:2: 1173 daAuts
     D:3: 835 daAuts
     D:1: 594 daAuts
     D:4: 420 daAuts
